 Dungeon Crawl Stone Soup version 0.29.1-12-g30fa7ad0bf (webtiles) character file.

Game seed: 12954668914077928432

20 raph the Chopper (level 2, -6/26 HPs)
             Began as a Hill Orc Fighter on Jan 14, 2023.
             Mangled by Natasha (8 damage)
             ... on level 2 of the Dungeon.
             The game lasted 00:01:43 (1165 turns).

raph the Chopper (Hill Orc Fighter)                 Turns: 1165, Time: 00:01:44

Health: -6/26      AC: 11    Str: 18    XL:     2   Next: 79%
Magic:  2/2        EV:  5    Int: 20    God:
Gold:   20         SH:  4    Dex: 10    Spells: 1/1 levels left

rFire   . . .      SeeInvis .   a - +1 war axe
rCold   . . .      Faith    .   c - +0 buckler
rNeg    . . .      Spirit   .   j - +0 plate armour
rPois   .          Reflect  .   (no helmet)
rElec   .          Harm     .   (no cloak)
rCorr   .          Rampage  .   (no gloves)
Will    .....                   (no boots)
Stlth   ..........              (no amulet)
HPRegen 0.08/turn               g - +6 ring of intelligence
MPRegen 0.08/turn               h - +6 ring of intelligence

@: slowed, very slow
A: no striking features
a: no special abilities


You were on level 2 of the Dungeon.
You visited 1 branch of the dungeon, and saw 2 of its levels.

You collected 20 gold pieces.

Inventory:

Hand Weapons
 a - a +1 war axe (weapon)
Armour
 b - a +0 scale mail
 c - a +0 buckler (worn)
 j - a +0 plate armour (worn)
Jewellery
 g - a +6 ring of intelligence (left hand)
 h - a +6 ring of intelligence (right hand)
Potions
 d - a potion of might
 i - a potion of brilliance {unknown}
 l - a potion of curing {unknown}


   Skills:
 - Level 3.6 Fighting
 + Level 4.3 Axes
 - Level 3.2 Armour
 - Level 3.2 Shields


You had one spell level left.
You didn't know any spells.
Your spell library contained the following spells:

 Spells                   Type           Power      Damage    Failure   Level
 Stone Arrow              Conj/Erth      0%         3d7       100%        3
 Animate Armour           Summ/Erth      0%         N/A       100%        4
 Lehudib's Crystal Spear  Conj/Erth      0%         10d2      100%        8


Dungeon Overview and Level Annotations

Branches:
Dungeon (2/15)

Altars:

Annotations:
D:2 Natasha


Message History

You closely miss Natasha.
Natasha is heavily wounded.
You hit the shadow imp.
Natasha stares at you and mumbles some strange words.
You feel yourself slow down.
The shadow imp hits you but does no damage.
Natasha claws you but does no damage.
The shadow imp hits you but does no damage.
You hit the shadow imp but do no damage.
The shadow imp is almost dead.
You barely miss Natasha.
Natasha casts a spell.
You block the shadow imp's attack.
Natasha casts a spell.
The shadow imp hits you.
You closely miss the shadow imp.
The shadow imp is almost dead.
You closely miss the shadow imp. You hit Natasha. Natasha claws you!
The shadow imp sputters.
The shadow imp barely misses you.
The shadow imp hits you but does no damage.
Natasha claws you but does no damage.
The shadow imp hits you but does no damage.
The shadow imp hits you.
* * * LOW HITPOINT WARNING * * *
You are too injured to fight recklessly!
You are too injured to fight recklessly!
You are too injured to fight recklessly!
You are too injured to fight recklessly!
The shadow imp attacks as you move away!
You block the shadow imp's attack. Natasha attacks as you move away!
Natasha barely misses you. The iron imp hits you.
* * * LOW HITPOINT WARNING * * *
The shadow imp hits you but does no damage.
You slash Natasha!
Natasha is almost dead.
You hit the iron imp but do no damage. You barely miss the shadow imp.
Natasha growls.
Natasha claws you!
You die...

## .# ###.#
# #...#.#
###......
###.5..##.#
#$.5h@..#.#
#.#.5...#.#
#####.#.#
#.#.# #.#.#
#.#.#
#.#.##
#....#
#....#


You could see an iron imp (summoned), Natasha and 2 shadow imps.

Vanquished Creatures
  A dart slug (D:1)
  An endoplasm (D:1)
  A giant cockroach (D:1)
  A goblin (D:1)
  4 jackals (D:1)
  A ball python (D:1)
  A bat (D:1)
  2 frilled lizards (D:1)
  3 kobolds (D:1)
  2 rats (D:1)
17 creatures vanquished.

Notes
Turn   | Place    | Note
-------+----------+-------------------------------------------
     0 | D:1      | raph the Hill Orc Fighter began the quest for the Orb.
     0 | D:1      | Reached XP level 1. HP: 19/19 MP: 1/1
   200 | D:1      | Reached skill level 3 in Axes
   280 | D:1      | Found a faded altar of an unknown god.
   374 | D:1      | Reached XP level 2. HP: 26/26 MP: 2/2
   386 | D:1      | Reached skill level 4 in Axes
   772 | D:1      | You fall into a shaft and drop 1 floor!
  1154 | D:2      | Noticed Natasha
  1164 | D:2      | HP: 1/26 [iron imp[Natasha] (4)]
  1165 | D:2      | Mangled by Natasha

Illustrated notes

Levels and vault maps discovered:
D:1:      dpeg_arrival_radiant, layout_loops_ring,
          nicolae_ecumenical_lake_church, reono_crystal_passage
D:2:      layout_basic, basic_altar, uniq_natasha

Skill      XL: |  1  2 |
---------------+-------+-----
Axes           | 3 4 |  4.3
Fighting       | |  3.6
Armour         | |  3.2
Shields        | |  3.2

Action                   || total
-------------------------++-------
Melee: War axe           ||    58
  Use: Scroll            ||     4
Armor: Scale mail        ||    15
       Plate armour      ||    19
Dodge: Dodged            ||    21
Block: Buckler           ||    17
